 Dungeon Sprint DCSS version 0.19.4-9-g45fd643 (webtiles) character file.

11185 protoss039 the Bludgeoner (level 11, -13/77 HPs)
             Began as a Gargoyle Fighter on Feb 21, 2017.
             Was the Champion of Cheibriados.
             Mangled by an orc knight
             ... wielding a cursed -2 dire flail
              (30 damage)
             ... in the Dungeon (Sprint IX: "|||||||||||||||||||||||||||||").
             The game lasted 00:09:54 (1881 turns).

protoss039 the Bludgeoner (Gargoyle Fighter)        Turns: 1881, Time: 00:09:56

Health: -13/77     AC: 26    Str: 38    XL:     11   Next: 73%
Magic:  5/15       EV: 16    Int: 24    God:    Cheibriados [******]
Gold:   1250       SH: 16    Dex: 27    Spells: 0 memorised, 10 levels left

rFire  . . .     SeeInvis .     o - +2 morningstar (protect)
rCold  . . .     Gourm    .     z - +0 plate armour
rNeg   + . .     Faith    .     c - +0 shield
rPois  ∞         Spirit   .     C - +0 helmet
rElec  +         Reflect  .     (no cloak)
rCorr  .         Harm     .     D - +0 pair of gloves
MR     .....     NoTele   +     q - +0 pair of boots
Stlth  ..........               (no amulet)
                                t - +2 ring of evasion
                                s - +3 ring of dexterity

@: very slow
A: negative energy resistance 1, electricity resistance, unbreathing,
petrification resistance, rot immunity, AC +7
a: Bend Time, Temporal Distortion, Slouch, Step From Time, Renounce Religion


You were in the Dungeon.
You worshipped Cheibriados.
Cheibriados was exalted by your worship.
You were hungry.

You visited 1 branch You collected 1250 gold pieces.

Inventory:

Hand Weapons
 o - a +2 morningstar of protection (weapon)
 p - the +4 quarterstaff of the Shark {pain, rF+ rC+ Str+3}
   (You found it in the Dungeon)

   In the hands of one skilled in necromantic magic, it inflicts extra damage on
   living creatures.
   It affects your strength (+3).
   It protects you from fire.
   It protects you from cold.
Armour
 c - a +0 shield (worn)
 q - a +0 pair of boots (worn)
 z - a +0 plate armour (worn)
 C - a +0 helmet (worn)
 D - a +0 pair of gloves (worn)
Jewellery
 s - a +3 ring of dexterity (left hand)
 t - a +2 ring of evasion (right hand)
Wands
 n - a wand of acid (7/15)
Scrolls
 k - 3 scrolls of blinking
 l - 3 scrolls of remove curse
 m - 2 scrolls of amnesia
 v - 2 scrolls of fear
 w - 2 scrolls of enchant weapon
 x - 2 scrolls of enchant armour
 y - a scroll of fog
Potions
 a - a potion of agility
 d - a potion of might
 e - 6 potions of curing
 g - 7 potions of heal wounds
 h - 4 potions of haste
 i - 4 potions of magic
 j - 2 potions of invisibility
 u - 2 potions of flight
Comestibles
 b - 17 chunks of flesh
 f - 13 bread rations
 A - 40 fruits
 B - 12 meat rations


   Skills:
 + Level 12.9 Fighting
 * Level 18.6 Maces & Flails
 + Level 10.4 Armour
 + Level 6.2 Dodging
 - Level 1.7 Stealth
 + Level 13.2 Shields
 + Level 5.5 Invocations


You had 10 spell levels left.
You didn't know any spells.

Dungeon Overview and Level Annotations

Branches:
Dungeon (1/1)

Altars:
Cheibriados
Dithmenos
Elyvilon
Fedhas
Gozag
Hepliaklqana
Kikubaaqudgha
Makhleb
Nemelex Xobeh
Okawaru
Qazlal
Ru
Sif Muna
Trog
Uskayaw
Vehumet
Xom
Yredelemnul
Zin
The Shining One
Beogh
Jiyva
Lugonu

Shops:
D !


Innate Abilities, Weirdness & Mutations

You are resistant to torment.
Your stone body is resilient. (AC +7)
You are immune to poison.
You resist negative energy. (rN+)
You are resistant to electric shocks. (rElec)
You can survive without breathing.
You are immune to petrification.
You are immune to rotting.


Message History

The soul eater is healed.
Unknown command.
Unknown command.
Unknown command.
Unknown command.
You can feel time thicken for a moment.
You feel somewhat more hungry.
The orc knight roars a battlecry!
You block the orc high priest's attack. The orc knight misses you.
Unknown command.
Unknown command.
Unknown command.
You fail to use your ability.
The orc high priest prays to Beogh.
The orc high priest is healed somewhat.
The orc high priest utters an invocation to Beogh.
The orc high priest mumbles some strange prayers to Beogh against you.
Beogh smites you!
* * * LOW HITPOINT WARNING * * *
The orc knight hits you with a dire flail!!
You die...

▓▓▓▓▓▓▓▓▓▓▓▓▓▓▓▓▓▓▓▓▓▓▓▓
...)))))).......@oooooo3
▓▓▓▓▓▓▓▓▓▓▓▓▓▓▓▓▓▓▓▓▓▓▓▓▓▓▓▓▓▓▓▓▓
.................................
▓▓▓▓▓▓▓▓▓▓▓▓▓▓▓▓▓▓▓▓▓▓▓▓▓▓▓▓▓▓▓▓▓
.......'.........'........(.[.'..
▓▓▓▓▓▓▓▓▓▓▓▓▓▓▓▓▓▓▓▓▓▓▓▓▓▓▓▓▓▓▓▓▓
)................................
▓▓▓▓▓▓▓▓▓▓▓▓▓▓▓▓▓▓▓▓▓▓▓▓▓▓▓▓▓▓▓▓▓
________________.'..|)[....))....


You could see 3 orc knights, a soul eater and 3 orc high priests.

Vanquished Creatures
  An ettin (D)
  A catoblepas (D)
  2 hydras (D)
  3 lindwurms (D)
  2 orc knights (D)
  A hill giant (D)
  A black mamba (D)
  Psyche (D)
  2 spiny frogs (D)
  A komodo dragon (D)
  A polar bear (D)
  A two-headed ogre (D)
  4 tyrant leeches (D)
  2 yaks (D)
  A wraith (D)
  A vampire mosquito (D)
  5 porcupines (D)
  14 orc warriors (D)
  An eye of draining (D)
  A phantom (D)
  A wolf (D)
  3 crocodiles (D)
  A killer bee (D)
  A quasit (D)
  2 orc priests (D)
  A hound (D)
  2 worker ants (D)
  2 adder skeletons (D)
  A worm (D)
  7 orcs (D)
  A ball python skeleton (D)
  2 bats (D)
  A kobold (D)
  A quokka skeleton (D)
  2 rats (D)
74 creatures vanquished.

Notes
Turn   | Place    | Note
-------+----------+-------------------------------------------
     0 | D        | protoss039 the Gargoyle Fighter began the quest for the Orb.
     0 | D        | Reached XP level 1. HP: 14/14 MP: 1/1
    34 | D        | Noticed a hound
    34 | D        | Noticed a worker ant
    34 | D        | Noticed a worker ant
    34 | D        | Noticed a phantom
    41 | D        | Killed a hound
    41 | D        | Reached skill level 3 in Maces & Flails
    41 | D        | Reached XP level 2. HP: 20/20 MP: 2/2
    41 | D        | Reached XP level 3. HP: 24/24 MP: 3/3
    48 | D        | Reached skill level 5 in Fighting
    48 | D        | Reached skill level 5 in Armour
    48 | D        | Reached skill level 5 in Shields
    52 | D        | Reached XP level 4. HP: 29/31 MP: 4/4
    84 | D        | Killed a phantom
    84 | D        | Reached skill level 5 in Maces & Flails
    84 | D        | Reached skill level 1 in Dodging
    84 | D        | Reached XP level 5. HP: 16/36 MP: 5/5
   244 | D        | Found a roughly hewn altar of Beogh.
   244 | D        | Found a snail-covered altar of Cheibriados.
   244 | D        | Found a shadowy altar of Dithmenos.
   244 | D        | Found a white marble altar of Elyvilon.
   244 | D        | Found a blossoming altar of Fedhas.
   244 | D        | Found an opulent altar of Gozag.
   245 | D        | Found a hazy altar of Hepliaklqana.
   246 | D        | Found a viscous altar of Jiyva.
   247 | D        | Found an ancient bone altar of Kikubaaqudgha.
   248 | D        | Became a worshipper of Cheibriados the Contemplative
   249 | D        | Found a corrupted altar of Lugonu.
   250 | D        | Found a burning altar of Makhleb.
   251 | D        | Found a sparkling altar of Nemelex Xobeh.
   252 | D        | Found an iron altar of Okawaru.
   253 | D        | Found a stormy altar of Qazlal.
   254 | D        | Found a sacrificial altar of Ru.
   255 | D        | Found a deep blue altar of Sif Muna.
   256 | D        | Found a bloodstained altar of Trog.
   257 | D        | Found a hide-covered altar of Uskayaw.
   258 | D        | Found a radiant altar of Vehumet.
   259 | D        | Found a shimmering altar of Xom.
   260 | D        | Found a basalt altar of Yredelemnul.
   261 | D        | Found a glowing silver altar of Zin.
   262 | D        | Found a glowing golden altar of the Shining One.
   284 | D        | Got the +4 quarterstaff of the Shark {pain, rF+ rC+ Str+3}
   314 | D        | Noticed a crocodile
   314 | D        | Noticed an eye of draining
   314 | D        | Noticed a hill giant
   321 | D        | Killed a crocodile
   321 | D        | Reached skill level 6 in Maces & Flails
   321 | D        | Reached XP level 6. HP: 35/42 MP: 0/6
   328 | D        | Killed an eye of draining
   328 | D        | Reached skill level 7 in Maces & Flails
   328 | D        | Reached skill level 1 in Stealth
   338 | D        | Killed a hill giant
   338 | D        | Reached * piety under Cheibriados
   338 | D        | Reached skill level 10 in Maces & Flails
   338 | D        | Reached XP level 7. HP: 12/48 MP: 2/7
   345 | D        | Reached ** piety under Cheibriados
   562 | D        | Noticed a vampire mosquito
   562 | D        | Noticed a two-headed ogre
   562 | D        | Noticed a wraith
   566 | D        | Killed a vampire mosquito
   566 | D        | Reached skill level 11 in Maces & Flails
   566 | D        | Reached XP level 8. HP: 54/54 MP: 4/8
   577 | D        | Killed a two-headed ogre
   581 | D        | Killed a wraith
   581 | D        | Reached *** piety under Cheibriados
   581 | D        | Reached skill level 12 in Maces & Flails
   736 | D        | Noticed Psyche
   752 | D        | Killed Psyche
   752 | D        | Reached **** piety under Cheibriados
   752 | D        | Reached skill level 13 in Maces & Flails
   752 | D        | Reached skill level 1 in Invocations
   752 | D        | Reached XP level 9. HP: 23/60 MP: 9/9
   996 | D        | Noticed a spiny frog
   998 | D        | Noticed a five-headed hydra
  1009 | D        | Killed a spiny frog
  1009 | D        | Reached skill level 14 in Maces & Flails
  1020 | D        | Killed a five-headed hydra
  1020 | D        | Reached ***** piety under Cheibriados
  1020 | D        | Reached skill level 10 in Shields
  1023 | D        | Reached skill level 15 in Maces & Flails
  1038 | D        | Reached ****** piety under Cheibriados
  1038 | D        | Reached skill level 10 in Fighting
  1038 | D        | Reached XP level 10. HP: 21/68 MP: 11/11
  1271 | D        | Noticed a seven-headed hydra
  1271 | D        | Noticed a black mamba
  1272 | D        | Killed a black mamba
  1273 | D        | Noticed a catoblepas
  1275 | D        | Noticed a spiny frog
  1279 | D        | Killed a seven-headed hydra
  1279 | D        | Reached skill level 16 in Maces & Flails
  1279 | D        | Reached skill level 5 in Dodging
  1296 | D        | Killed a catoblepas
  1296 | D        | Reached skill level 10 in Armour
  1297 | D        | Killed a spiny frog
  1297 | D        | Reached skill level 17 in Maces & Flails
  1408 | D        | Noticed a lindwurm
  1408 | D        | Noticed a lindwurm
  1408 | D        | Noticed a lindwurm
  1420 | D        | Killed a lindwurm
  1420 | D        | Reached XP level 11. HP: 59/74 MP: 13/13
  1426 | D        | Killed a lindwurm
  1433 | D        | Killed a lindwurm
  1645 | D        | Noticed an ettin
  1649 | D        | Killed an ettin
  1649 | D        | Reached skill level 18 in Maces & Flails
  1779 | D        | Noticed an orc knight
  1780 | D        | Reached skill level 5 in Invocations
  1790 | D        | Noticed an orc knight
  1793 | D        | Killed an orc knight
  1810 | D        | Killed an orc knight
  1877 | D        | Found Ledustruc's Distillery.
  1877 | D        | Noticed an orc knight
  1877 | D        | Noticed an orc high priest
  1877 | D        | Noticed an orc knight
  1877 | D        | Noticed an orc high priest
  1877 | D        | Noticed an orc high priest
  1878 | D        | Noticed an orc knight
  1879 | D        | Noticed a soul eater
  1881 | D        | Mangled by an orc knight

Skill      XL: |  1  2  3  4  5  6  7  8  9 10 11 |
---------------+----------------------------------+-----
Fighting       | 4 5 6 7 8 10 11 12 | 12.9
Maces & Flails | 3 5 6 10 11 13 15 17 18 | 18.6
Armour         | 4 5 6 7 8 9 10 | 10.4
Shields        | 4 5 6 7 8 9 10 11 13 | 13.2
Dodging        | 1 2 3 4 5 6 |  6.2
Stealth        | 1 |  1.7
Invocations    | 1 2 3 5 |  5.5

Action                   |  1- 3 |  4- 6 |  7- 9 | 10-12 || total
-------------------------+-------+-------+-------+-------++-------
Melee: Flail             |    27 |    17 |       |       ||    44
       Morningstar       |       |    24 |    85 |   136 ||   245
Invok: Bend Time         |       |       |     2 |       ||     2
       Slouch            |       |       |       |     5 ||     5
  Use: Potion            |     1 |       |     2 |       ||     3
 Stab: Petrified         |       |       |       |     2 ||     2
  Eat: Chunk             |       |       |       |     1 ||     1
Armor: Scale mail        |    11 |    21 |    39 |    25 ||    96
       Plate armour      |       |       |       |     3 ||     3
Dodge: Dodged            |     8 |    11 |    27 |    31 ||    77
Block: Shield            |    12 |    21 |    48 |    63 ||   144
